 Dungeon Crawl Stone Soup version 0.27.1-1-g398f81649c (webtiles) character file.

Game seed: 5424976674248649002

207 Descartes the Magician (level 5, -1/43 HPs)
             Began as a Deep Elf Wanderer on Sept 5, 2021.
             Succumbed to a water moccasin's poison
             ... on level 5 of the Dungeon.
             The game lasted 00:14:17 (4467 turns).

Descartes the Magician (Deep Elf Wanderer)          Turns: 4467, Time: 00:14:18

Health: -1/43      AC: 22    Str: 16    XL:     5   Next: 54%
Magic:  0/13       EV:  2    Int: 23    God:
Gold:   127        SH:  3    Dex: 12    Spells: 11/12 levels left

rFire    + . .     SeeInvis .   i - +0 dagger
rCold    + . .     Faith    .   o - +0 buckler
rNeg     + + +     Spirit   +   (armour currently unavailable)
rPois    +         Reflect  .   (helmet currently unavailable)
rElec    +         Harm     .   (cloak currently unavailable)
rCorr    +         Rampage  .   (gloves currently unavailable)
Will     .....     NoTele   +   (boots currently unavailable)
Stlth    ++........             n - amulet of Fedhas's Reproof {Spirit rN+ Int+4}
HPRegen  0.14/turn              k - +6 ring of strength
MPRegen  0.13/turn              (no ring)

@: brilliant, lethally poisoned (-1 -> -10), tree-form, resistant
A: stationary, stasis, torment immunity, boosted hp
a: no special abilities


You were on level 5 of the Dungeon.
You were a tree.
You visited 1 branch of the dungeon, and saw 5 of its levels.

You collected 127 gold pieces.

Inventory:

Hand Weapons
 a - a +0 hand crossbow
 i - a +0 dagger (weapon)
Missiles
 c - 39 bolts
 f - 12 poisoned darts
 g - 44 arrows
 h - 56 stones
 x - 7 sling bullets
Armour
 b - a +0 ring mail (melded)
 o - a +0 buckler (worn)
 s - a +2 helmet (melded)
 v - a scarf of resistance (melded)
Magical Staves
 r - a staff of death
Jewellery
 k - a +6 ring of strength (left branch)
 n - the amulet of Fedhas's Reproof (around neck) {Spirit rN+ Int+4}
   (You acquired it on level 5 of the Dungeon)

   [amulet of guardian spirit]

   It causes incoming damage to be divided between your reserves of health and
   magic.
   Int:       It affects your intelligence (+4).
   rN:        It protects you from negative energy.
Scrolls
 d - a scroll of fog
 m - a scroll of identify {unknown}
 q - a scroll of noise {unknown}
 u - a scroll of fear {unknown}
Potions
 l - a potion of lignification
 z - a potion of brilliance


   Skills:
 - Level 1.5 Fighting
 - Level 1.0 Crossbows
 + Level 2.7 Dodging
 + Level 3.3 Stealth
 + Level 1.2 Shields
 - Level 4.4 Spellcasting
 + Level 4.1 Conjurations
 - Level 1.2 Necromancy
 - Level 1.1 Evocations


You had 11 spell levels left.
You knew the following spells:

 Your Spells              Type           Power      Damage    Failure   Level
a - Magic Dart            Conj           100%       1d8       2%          1

Your spell library contained the following spells:

 Spells                   Type           Power      Damage    Failure   Level
 Conjure Flame            Conj/Fire      22%        6-21      19%         3
 Blink                    Tloc           N/A        N/A       22%         2
 Call Imp                 Summ           7%         N/A       22%         2
 Slow                     Hex            7%         N/A       22%         2
 Mephitic Cloud           Conj/Pois/Air  17%        N/A       24%         3


Dungeon Overview and Level Annotations

Branches:
Dungeon (5/15)
 Temple: D:4-7

Altars:
Nemelex Xobeh

Annotations:
D:3 Pikel
D:4 Eustachio


Message History

Casting: Magic Dart (safe; 2% risk of failure)
Confirm with . or Enter, or press ? or * to list all spells.
Aiming: Magic Dart (safe; 2% risk of failure)
Press: ? - help, Shift-Dir - straight line, f/p - water moccasin
Aim: a water moccasin (lightly wounded, 100% to hit)
You feel a surge of power!
The magic dart hits the water moccasin.
The water moccasin is moderately wounded.
The water moccasin bites you but does no damage.
Casting: Magic Dart (safe; 2% risk of failure)
Confirm with . or Enter, or press ? or * to list all spells.
Aiming: Magic Dart (safe; 2% risk of failure)
Press: ? - help, Shift-Dir - straight line, f/p - water moccasin
Aim: a water moccasin (moderately wounded, 100% to hit)
You feel a surge of power!
The magic dart hits the water moccasin.
The water moccasin is moderately wounded.
The water moccasin bites you but does no damage.
It was a potion of resistance.
You feel protected.
The water moccasin bites you but does no damage.
The water moccasin bites you!
* * * LOW HITPOINT WARNING * * *
You feel better. The water moccasin bites you!
* * * LOW HITPOINT WARNING * * *
You are lethally poisoned!
The water moccasin poisons you!
You are too injured to fight recklessly!
i - a +0 dagger (weapon)
* * * LOW HITPOINT WARNING * * *
You feel sick. The water moccasin barely misses you.
You closely miss the water moccasin.
The water moccasin is moderately wounded.
* * * LOW HITPOINT WARNING * * *
You feel sick. The water moccasin bites you.
* * * LOW HITPOINT WARNING * * *
Unknown command.
Okay, then.
As you read the scroll labelled USHYKL KEUCLIO, it crumbles to dust.
You cannot blink because you are held in place by your roots.
It was a scroll of blinking.
You die...

##... . .....
#..##
......######....#.
#.#.....#.........
#.................
.$................
#.................
....../..S........
.......<†.♣...(.#
..........(.....#
..................
##.............###
.................
#####.##.####....)
#. #.# ..... #.
... #....


You could see a water moccasin.

Vanquished Creatures
  A jelly (D:5)
  An orc priest (D:2)
  An iguana (D:5)
  3 adders
  An ufetubus (D:4)
  A worm (D:2)
  2 dart slugs
  6 orcs
  9 endoplasms
  A giant cockroach (D:2)
  9 hobgoblins
  3 jackals (D:2)
  5 kobolds
  6 quokkas
  7 ball pythons
  5 bats
  4 frilled lizards
  5 goblins
  3 rats
73 creatures vanquished.

Vanquished Creatures (others)
  Robin (D:4)
  3 goblins (D:4)
4 creatures vanquished.

Grand Total: 77 creatures vanquished

Notes
Turn   | Place    | Note
-------+----------+-------------------------------------------
     0 | D:1      | Descartes the Deep Elf Wanderer began the quest for the
                  | Orb.
     0 | D:1      | Descartes set off with the following items: a +0 hand
                  | crossbow, a +0 ring mail, 27 bolts; and the following spell
                  | memorised: Magic Dart; and the following spells available
                  | to memorise: Blink, Call Imp, Slow, Conjure Flame, Mephitic
                  | Cloud
     0 | D:1      | Reached XP level 1. HP: 12/12 MP: 7/7
    72 | D:1      | Reached XP level 2. HP: 13/16 MP: 2/9
  1068 | D:2      | Found a sparkling altar of Nemelex Xobeh.
  1110 | D:2      | Reached XP level 3. HP: 9/20 MP: 0/10
  1438 | D:2      | Reached skill level 1 in Dodging
  1658 | D:2      | Found a faded altar of an unknown god.
  2487 | D:2      | Reached XP level 4. HP: 25/25 MP: 8/12
  3229 | D:3      | Reached XP level 5. HP: 29/29 MP: 13/13
  3522 | D:4      | Noticed a lemure
  3524 | D:4      | Noticed a lemure
  3781 | D:4      | Noticed Pikel
  3781 | D:4      | Noticed a lemure
  3781 | D:4      | Noticed a lemure
  4137 | D:4      | Noticed Robin
  4144 | D:4      | Reached skill level 1 in Shields
  4172 | D:4      | Killed Robin
  4220 | D:4      | Noticed Eustachio
  4285 | D:5      | Entered Level 5 of the Dungeon
  4285 | D:5      | Noticed a water moccasin
  4440 | D:5      | Identified 2 scrolls of acquirement
  4440 | D:5      | Acquired the amulet of Fedhas's Reproof {Spirit rN+ Int+4}
  4456 | D:5      | Acquired the ring "Feunguda" {rElec rF+ Str+4 Int+2}
  4466 | D:5      | HP: 1/43 [water moccasin (2)]
  4467 | D:5      | Succumbed to a water moccasin's poison

Illustrated notes

Levels and vault maps discovered:
D:1:      lordsloth_arrival_two_stooges, layout_basic, serial_forest,
          infiniplex_forest_lined_ring, infiniplex_forest_straight_3,
          infiniplex_forest_fountain, infiniplex_forest_lined_2,
          infiniplex_forest_lined_corner, infiniplex_forest_straight_2,
          infiniplex_forest_lined_2, infiniplex_forest_corner_2,
          hangedman_decor_lopped, chequers_jeans, minmay_small_reverse_x
D:2:      layout_rooms, dreamdust_ecumenical_altar_hidden_monk_grotto,
          basic_altar, minivault_19
D:3:      layout_basic
D:4:      layout_loops_ring, lemuel_temple_firewalk_b, kennysheep_donut,
          uniq_robin, uniq_eustachio, uniq_pikel
D:5:      layout_rooms, grunt_temple_overflow_open, kennysheep_minor_cross

Skill      XL: |  1  2  3  4  5 |
---------------+----------------+-----
Conjurations   | 2 3 4 |  4.1
Dodging        | 1 2 |  2.7
Stealth        | 2 3 |  3.3
Shields        | 1 |  1.2
Fighting       | |  1.5
Crossbows      | |  1.0
Spellcasting   | |  4.4
Necromancy     | |  1.2
Evocations     | |  1.1

Action                   |  1- 3 |  4- 6 || total
-------------------------+-------+-------++-------
Melee: Dagger            |       |     1 ||     1
 Fire: Hand crossbow     |    23 |    77 ||   100
 Cast: Magic Dart        |   101 |    26 ||   127
  Use: Potion            |     1 |     6 ||     7
       Scroll            |       |     7 ||     7
Armor: Ring mail         |    16 |    39 ||    55
       Skin              |       |     5 ||     5
Dodge: Dodged            |    12 |    55 ||    67
Block: Buckler           |       |     1 ||     1
